Map: Ley Lines

Players

Lambo

  • Race: Zerg Zerg
  • Spawn Location: 7:00

ByuN - Winner!

  • Race: Terran Terran
  • Spawn Location: 1:00

Event: Esports World Cup 2025

VOD

Have the link to the VOD?

Description

Time

  • Played on: July 22, 2025, 7:06 a.m.
  • Length: 3:15

All games in this series

Show
View Real Time Build Order
Export as new Build Order

Lambo Zerg 

Build Orders: Hatch First 

Get SALT Encoding   

  12  0:00  Drone  
  13  0:08  Drone  
  14  0:14  Extractor  
  14  0:15  Drone  
  15  0:21  Overlord  
  15  0:40  Drone  
  16  0:45  Hatchery  
  16  0:49  Drone  
  16  0:52  Drone  
  16  0:55  Drone  
  18  1:06  Extractor  
  18  1:10  Spawning Pool  
  16  1:13  Drone  
  16  1:16  Drone  
  18  1:26  Drone  
  19  1:37  Drone  
  20  1:47  Drone  
  21  1:59  Zergling x4, Queen  
  21  2:00  Spine Crawler  
  24  2:10  Zergling x4  
  21  2:23  Overlord  
  20  2:33  Drone  
  15  2:42  Drone  
  16  2:54  Drone x2  
Show
View Real Time Build Order
Export as new Build Order

ByuN Terran - Winner!

Build Orders:  

Get SALT Encoding   

  12  0:00  SCV  
  13  0:12  SCV  
  14  0:17  Supply Depot  
  14  0:24  SCV  
  15  0:38  Barracks  
  16  0:49  Barracks  
  16  1:03  Barracks  
  15  1:05  SCV  
  16  1:17  SCV  
  17  1:25  Marine  
  17  1:30  Orbital Command  
  18  1:35  Marine  
  18  1:37  Supply Depot  
  19  1:43  Marine  
  20  1:50  Marine  
  20  1:53  Marine  
  22  1:57  Bunker  
  22  2:01  Marine  
  23  2:05  SCV  
  24  2:13  Bunker  
  24  2:14  Marine x2  
  26  2:19  Marine  
  27  2:23  SCV  
  28  2:32  Marine x2  
  28  2:35  SCV  
  28  2:36  Marine  
  31  2:38  Supply Depot  
  29  2:47  SCV  
  29  2:49  Marine  
Tags
 
Add a new tag
Caveats
  • Supply blocks, unpowered buildings, or Contaminate may cause inaccurate times.
  • Supply counts are checked every 10 seconds.